AoeStats
← wtp_marny_beer_skill

Arabia

510371730Analyzed
1v1 RM · 14h ago on Sep 30, 2026· 44m 32s· 2 players
Game mode
Random Map
Map size
Tiny (2 player)
Population
200
Speed
Normal
Resources
Standard
Victory
Conquest
Starting age
Dark Age
Ending age
Imperial Age
RankedLock teamsTeams togetherTeam positionsShared explorationLock speedFull tech treeHidden civsTurbo modeCheats
Victory
Defeat
🇨🇿 Franks · Czechia
891
+15
🇨🇿 Bohemians · Czechia
862
-41
Ronny9453
4:48 Loom
12:28 Feudal Age
22:12 Forging
21:57 Fletching
22:36 Horse Collar
22:43 Double-Bit Axe
25:21 Padded Archer Armor
25:22 Scale Mail Armor
30:09 Castle Age
30:18 Pikeman
30:58 Squires
30:22 Elite Skirmisher
30:25 Crossbowman
31:20 Heavy Plow
31:32 Bow Saw
32:10 Wheelbarrow
32:52 Bodkin Arrow
33:35 Iron Casting
37:00 Wagenburg Tactics
41:08 Imperial Age
39:52 Leather Archer Armor
40:05 Chain Mail Armor
42:16 Conscription
43:57 Chemistry
43:18 Ballistics
42:35 Arbalester
42:54 Halberdier
wtp_marny_beer_skill
6:27 Loom
9:07 Feudal Age
10:03 Double-Bit Axe
19:10 Castle Age
19:20 Gold Mining
20:07 Forging
20:03 Scale Barding Armor
20:56 Stone Mining
22:00 Bow Saw
22:12 Fervor
22:53 Wheelbarrow
24:18 Gold Shaft Mining
24:58 Husbandry
25:21 Town Watch
28:41 Hand Cart
28:50 Scale Mail Armor
30:13 Murder Holes
30:45 Ballistics
32:37 Town Patrol
36:53 Imperial Age
37:13 Cavalier
38:07 Elite Throwing Axeman
38:53 Chivalry
39:37 Paladin
39:38 Light Cavalry
41:19 Iron Casting
40:40 Fletching
41:09 Chain Mail Armor
43:39 Illumination
43:36 Sanctity
43:17 Devotion
43:35 Block Printing
43:17 Herbal Medicine
43:59 Theocracy
43:45 Heresy
Connection lost

Rejoining the realm…

Still unreachable

The connection could not be restored.

Session expired

The server has moved on; the page needs a fresh start.